 Dungeon Sprint DCSS version 0.30-a0-920-g7493c07aab (webtiles) character file.

Game seed: 6551893152485421868

1262 dialectric the Imperceptible (level 8, -2/38 (42) HPs)
             Began as a Spriggan Brigand on Mar 21, 2023.
             Slain by a necrophage (7 damage)
             ... in the Dungeon (Sprint II: "The Violet Keep of Menkaure").
             The game lasted 00:01:16 (122 turns).

dialectric the Imperceptible (Spriggan Brigand)      Turns: 122, Time: 00:01:16

HP:   -2/38 (42)    AC:  3    Str:  7    XL:     8   Next: 27%
MP:   9/9           EV: 19    Int: 12    God:
Gold: 486           SH:  0    Dex: 19    Spells: 7/7 levels left

rFire   . . .      SeeInvis +    a - +2 dagger
rCold   . . .      Faith    .    (no shield)
rNeg    . . .      Spirit   .    b - +0 robe
rPois   .          Reflect  .    (helmet restricted)
rElec   .          Rampage  .    c - +0 cloak
rCorr   .          NoTele   +    (gloves unavailable)
Will    +....                    (boots unavailable)
Stlth   +++++++++                (no amulet)
HPRegen 0.26/turn                (no ring)
MPRegen 0.11/turn                (no ring)

@: drained, very quick
A: very small, no large weapons, unfitting armour, see invisible, speed 3
a: no special abilities


You were in the Dungeon.
You visited 1 branch You collected 486 gold pieces.

Inventory:

Hand Weapons
 a - a +2 dagger (weapon)
Missiles
 d - 9 poisoned darts (quivered)
 e - 2 curare-tipped darts
Armour
 b - a +0 robe (worn)
 c - a +0 cloak (worn)
Scrolls
 k - a scroll of blinking
Potions
 f - a potion of curing
 g - a potion of heal wounds
 h - a potion of haste
 i - 2 potions of magic
 j - a potion of berserk rage


   Skills:
 + Level 4.7 Fighting
 + Level 7.3 Short Blades
 - Level 4.0 Throwing
 + Level 3.9 Dodging
 + Level 23.4 Stealth


You had 7 spell levels left.
You didn't know any spells.
Your spell library was empty.

Dungeon Overview and Level Annotations

Branches:
Dungeon (1/1)

Altars:

Annotations:
D exclusion: obsidian statue, Menkaure


Innate Abilities, Weirdness & Mutations

You are very small and have problems with some larger weapons.
You are too small for most types of armour.
You have supernaturally acute eyesight. (SInv)
You cover ground extremely quickly. (Speed+++)


Message History

The necrophage closely misses you.
You barely miss the necrophage.
The necrophage is lightly damaged.
The necrophage closely misses you.
The boulder beetle leaps!
The necrophage completely misses you.
You hit the necrophage.
The necrophage is moderately damaged.
You hit the necrophage.
The necrophage is heavily damaged.
The necrophage barely misses you.
The necrophage hits you but does no damage.
You barely miss the necrophage. You punch the necrophage.
The necrophage is heavily damaged.
The necrophage barely misses you. The necrophage completely misses you.
You hit the necrophage but do no damage.
The necrophage is heavily damaged.
You hit the necrophage but do no damage.
The necrophage is heavily damaged.
The boulder beetle leaps!
The necrophage barely misses you. The necrophage completely misses you.
You hit the necrophage.
The necrophage is heavily damaged.
You hit the necrophage but do no damage.
The necrophage is heavily damaged.
The necrophage hits you but does no damage. x2
You hit the necrophage.
The necrophage is heavily damaged.
The necrophage barely misses you. The necrophage closely misses you.
You hit the necrophage.
You punch the necrophage, but do no damage.
The necrophage is severely damaged.
You hit the necrophage but do no damage.
The necrophage is severely damaged.
The necrophage hits you.
* * * LOW HITPOINT WARNING * * *
The necrophage barely misses you.
You hit the necrophage.
The necrophage is almost destroyed.
The necrophage hits you!
You die...

.#~~~~#..#..#
.#~~# ##...####
.#~##. ##)###.#
.#~#..n##.##..##
.+ #'.<.'##.+
#.n.##.##..##
##n ##'###.# #
##$#n####
#.B#@n# ##.#○##
##○##
#~~~○~~~~~§§
#+++#'○'#~§§
..°○○# .°○.○°#
..8○○○°°+
.°....M##


You could see an obsidian statue and 2 necrophages.

Vanquished Creatures
  A boulder beetle (D)
  A merfolk siren (D)
  A water moccasin (D)
  4 scorpions (D)
7 creatures vanquished.

Notes
Turn   | Place    | Note
-------+----------+-------------------------------------------
     0 | D        | dialectric the Spriggan Brigand began the quest for the
                  | Orb.
     0 | D        | Reached XP level 1. HP: 10/10 MP: 2/2
     1 | D        | Noticed a boulder beetle
     1 | D        | Noticed a boulder beetle
     4 | D        | Noticed a scorpion
     4 | D        | Noticed a scorpion
     4 | D        | Noticed a scorpion
     4 | D        | Noticed a scorpion
     7 | D        | Killed a scorpion
     8 | D        | Reached skill level 11 in Stealth
     8 | D        | Reached XP level 2. HP: 15/15 MP: 3/3
     8 | D        | Reached XP level 3. HP: 18/18 MP: 4/4
    10 | D        | Killed a scorpion
    11 | D        | Reached skill level 13 in Stealth
    11 | D        | Reached XP level 4. HP: 23/23 MP: 5/5
    17 | D        | Killed a scorpion
    18 | D        | Reached skill level 14 in Stealth
    18 | D        | Reached XP level 5. HP: 28/28 MP: 6/6
    31 | D        | Reached skill level 15 in Stealth
    46 | D        | Noticed a merfolk siren
    59 | D        | Killed a merfolk siren
    60 | D        | Reached skill level 20 in Stealth
    60 | D        | Reached XP level 6. HP: 14/33 MP: 7/7
    60 | D        | Reached XP level 7. HP: 16/37 MP: 8/8
    89 | D        | Killed a boulder beetle
    90 | D        | Reached skill level 23 in Stealth
    90 | D        | Reached XP level 8. HP: 24/42 MP: 9/9
    92 | D        | Noticed Menkaure
    92 | D        | Noticed an obsidian statue
   122 | D        | Slain by a necrophage

Illustrated notes

Levels and vault maps discovered:
D:        the_violet_keep_of_menkaure [sprint2_stairs_cluster_1,
          sprint2_shoproom, sprint2_temple, sprint2_basic_supplies,
          sprint2_obstacle_3, sprint2_obstacle_1, sprint2_obstacle_5,
          sprint2_obstacle_6, sprint2_obstacle_2, sprint2_timed_cluster_1,
          sprint2_smallroom_cluster_1, sprint2_smallroom_final_cluster_1,
          sprint2_transparent_cluster_1, sprint2_second_timed_cluster_1,
          sprint2_sniper_area_1, sprint2_heavy_combat_area_1,
          sprint2_mutation_trap_area_1, sprint2_forest_area_1,
          sprint2_light_combat_area_1, sprint2_behind_water_1,
          sprint2_near_end_vault_1]

Skill      XL: |  1  2  3  4  5  6  7 |
---------------+----------------------+-----
Fighting       | 2 3 4 |  4.7
Short Blades   | 3 4 6 7 |  7.3
Stealth        | 11 13 14 20 23 | 23.4
Throwing       | 3 4 |  4.0
Dodging        | 3 |  3.9

Action                     |  1- 3 |  4- 6 |  7- 9 || total
---------------------------+-------+-------+-------++-------
  Melee: Dagger            |     2 |       |    25 ||    27
         Punch             |       |       |     2 ||     2
  Throw: Dart              |       |    15 |       ||    15
   Stab: Sleeping          |     2 |       |     2 ||     4
 Armour: Robe              |     1 |     1 |     3 ||     5
  Dodge: Dodged            |     2 |     4 |    24 ||    30

Table legend: (Time is in decaauts)
 A = Elapsed time spent in this place.
 B = Non-inter-level travel time spent in this place.
 C = Inter-level travel time spent in this place.
 D = Time resting spent in this place.
 E = Time spent auto-exploring this place.
 F = Levels seen in this place.
 G = Mean time per level.
                   A        B        C        D        E       F      G
               +--------+--------+--------+--------+--------+-----+--------+
         Total |     85 |     85 |      0 |      0 |      0 |   1 |   85.0 |
       Dungeon |     85 |     85 |      0 |      0 |      0 |   1 |   85.0 |
               +--------+--------+--------+--------+--------+-----+--------+

Top non-repeatable levels by time:
       D: 85 daAuts
